Oilers vs Maple Leafs

Created - 23 mars 2015 at 18:58

Goals
1 2 3 OT1 SO T
Oilers 0 0 3 0 2 3
Maple Leafs 1 1 1 0 3 4
Shots
1 2 3 OT1 SO T
Oilers 8 5 13 0 6 26
Maple Leafs 5 12 6 1 6 24

1st period

1. Maple Leafs , Brendan Morrison 22 (Fabian Brunnstrom) at 11:10

Penalties :
Adam Burish (Edm) for Unsportsmanlike conduct (Major / Game Misconduct) at 2:25

2nd period

2. Maple Leafs , Alexander Frolov 31 (Claude Giroux, Evgeni Malkin) at 0:14

Penalties :
Evgeni Malkin (Tor) for Holding (Minor) at 1:50, Lubos Bartecko (Edm) for Tripping (Minor) at 8:43, Brendan Morrison (Tor) for Goalie Interference (Minor) at 11:48

3rd period

3. Maple Leafs , Claude Giroux 41 (Braydon Coburn) at 5:17
4. Oilers , Olli Jokinen 9 (Patrick Kaleta) at 7:25
5. Oilers , Patrick Kaleta 17 (Zach Bogosian, Jonathan Toews) at 8:55 (PP)
6. Oilers , Patrick Kane 47 (Jonathan Toews) at 11:51

Penalties :
Alexander Frolov (Tor) for Roughing (Minor) at 8:25, Patrick Kane (Edm) for Tripping (Minor) at 16:49

Overtime #1

No Goal

Penalties :
No Penalty

Shootout

Penalty Shot by Ilya Kovalchuk for Oilers - Stopped by Marc-André Fleury
Penalty Shot by Claude Giroux for Maple Leafs - Goal!
Penalty Shot by Patrick Kane for Oilers - Goal!
Penalty Shot by Evgeni Malkin for Maple Leafs - Shot Misses the Net
Penalty Shot by Pavel Datsyuk for Oilers - Goal!
Penalty Shot by Alexander Frolov for Maple Leafs - Goal!
Penalty Shot by Jonathan Toews for Oilers - Stopped by Marc-André Fleury
Penalty Shot by Byron Bitz for Maple Leafs - Stopped by Cam Ward
Penalty Shot by Olli Jokinen for Oilers - Shot Misses the Net
Penalty Shot by Fabian Brunnstrom for Maple Leafs - Stopped by Cam Ward
Penalty Shot by Peter Regin for Oilers - Stopped by Marc-André Fleury
Penalty Shot by Rob Schremp for Maple Leafs - Goal!

Penalties :
No Penalty

Goalie Stats

Cam Ward (Edm), 21 saves from 24 shots - (0,875), OTL, 30-23-5, 65:00 minutes
Marc-André Fleury (Tor), 23 saves from 26 shots - (0,885), W, 31-20-7, 65:00 minutes

Players Stats for Oilers

Player Name              G  A  P  +/- PIM S  H  SB GA TA FO     MP     PP MP  PK MP  
------------------------------------------------------------------------------------
Adam Burish              0  0  0   0  15  0  0  0  0  0  0/0     1:10   0:00   0:00 
Christian Ehrhoff        0  0  0  -1  0   0  1  2  0  0  0/0    27:59   2:08   4:04 
Eric Nystrom             0  0  0   0  0   1  1  0  0  1  1/2    15:50   0:00   2:46 
Ian White                0  0  0  -1  0   3  1  2  0  0  0/0    27:59   2:08   4:04 
Ilya Kovalchuk           0  0  0   0  0   4  2  1  2  0  1/1    22:07   2:21   3:00 
Jonathan Toews           0  2  2   0  0   1  1  2  0  0  2/14   20:15   2:21   0:52 
Lubos Bartecko           0  0  0   0  2   1  0  0  0  0  0/0     9:12   0:00   0:00 
Olli Jokinen             1  0  1   0  0   2  0  0  0  0  3/4    12:55   0:00   0:00 
Patrick Kaleta           1  1  2   0  0   2  1  0  1  0  0/1    13:58   2:05   0:00 
Patrick Kane             1  0  1  -1  2   6  1  0  0  1  0/2    22:49   2:07   0:00 
Pavel Datsyuk            0  0  0  -1  0   1  3  0  0  0  9/23   24:16   2:07   3:54 
Peter Regin              0  0  0   0  0   2  0  0  0  1  3/5    12:21   0:16   3:30 
Rob Scuderi              0  0  0   0  0   0  1  1  0  0  0/0    20:26   0:00   3:54 
Scott Niedermayer        0  0  0   0  0   0  1  3  0  1  0/0    23:27   2:20   3:54 
Steve Begin              0  0  0   0  0   2  2  0  0  0  0/1    12:14   0:00   3:31 
Steve Staios             0  0  0   0  0   0  1  3  0  0  0/0    13:34   0:00   0:59 
Tomas Fleischmann        0  0  0  -1  0   1  2  0  0  0  1/1    13:52   2:07   0:21 
Zach Bogosian            0  1  1   0  0   0  1  1  0  0  0/0    16:35   2:20   0:59 

Players Stats for Maple Leafs

Player Name              G  A  P  +/- PIM S  H  SB GA TA FO     MP     PP MP  PK MP  
------------------------------------------------------------------------------------
Alexander Frolov         1  0  1   2  2   2  1  0  0  0  2/3    21:41   4:19   1:35 
Blake Comeau             0  0  0  -2  0   0  2  0  0  0  0/0    10:22   0:34   1:21 
Braydon Coburn           0  1  1   1  0   2  0  2  0  1  0/0    28:42   3:33   3:28 
Brendan Morrison         1  0  1   1  2   3  1  1  0  0  7/10   17:19   3:33   0:31 
Byron Bitz               0  0  0   1  0   1  2  0  0  0  0/0    17:26   3:33   0:39 
Claude Giroux            1  1  2   2  0   5  2  0  1  0  6/10   24:40   4:13   3:09 
Colby Armstrong          0  0  0   0  0   1  4  0  0  0  0/0    14:20   1:11   0:00 
Dion Phaneuf             0  0  0   1  0   2  5  0  1  0  0/0    29:53   5:02   3:28 
Evgeni Malkin            0  1  1   2  2   0  2  0  1  0  15/22  23:20   4:18   1:41 
Fabian Brunnstrom        0  1  1   1  0   1  0  0  1  0  0/0    15:43   3:38   0:00 
Jordan Staal             0  0  0   0  0   1  2  0  0  1  1/4    11:14   0:07   0:00 
Justin Abdelkader        0  0  0  -2  0   2  0  0  0  0  0/0     7:50   0:19   0:00 
Lubomir Visnovsky        0  0  0  -1  0   0  1  1  0  0  0/0    22:50   3:33   1:00 
Matt Pettinger           0  0  0   0  0   0  2  0  0  0  1/1    14:03   1:06   0:00 
Noah Welch               0  0  0   1  0   0  0  0  0  1  0/0    12:22   0:22   0:00 
Rob Schremp              0  0  0  -2  0   3  1  0  0  0  2/4     7:31   0:00   0:00 
Taylor Chorney           0  0  0   1  0   0  0  0  0  0  0/0    12:22   0:22   0:00 
Tobias Enstrom           0  0  0  -1  0   1  1  3  0  0  0/0    23:51   5:02   1:00 

3 Stars

1 - Claude Giroux (Tor)
2 - Patrick Kaleta (Edm)
3 - Alexander Frolov (Tor)

Power Play

Oilers - 1 on 3 Attempt(s) - 33,33%
Maple Leafs - 0 on 4 Attempt(s) - 0,00%

Penalty Kill

Oilers - 4 on 4 Attempt(s) - 100,00% - Score 0 goal in Penalty Kill
Maple Leafs - 2 on 3 Attempt(s) - 66,67% - Score 0 goal in Penalty Kill

Team Stat

Oilers - Hits : 19 - Faceoff Wins : 20 - Blocked Shots : 15 - Penalty Minutes : 19
Maple Leafs - Hits : 26 - Faceoff Wins : 34 - Blocked Shots : 7 - Penalty Minutes : 6

Official

Referees : Sutherland Kelly and StPierre Justin
Linesman : Pierre Champoux and Bryan Pancich

Game Notes

Adam Burish ejected from game at 2:25 of 1st period
8:02 of 3rd period - Penalty Shot by Scott Niedermayer for Oilers - Shot Misses the Net

Finance

Level 1 -- Attendance: 4163 (69,38%) -- Ticket Income 416 300 $
Level 2 -- Attendance: 3653 (73,06%) -- Ticket Income 237 445 $
Level 3 -- Attendance: 1401 (70,05%) -- Ticket Income 58 842 $
Level 4 -- Attendance: 2387 (59,68%) -- Ticket Income 71 610 $
Luxury Box -- Attendance: 719 (71,90%) -- Ticket Income 133 015 $
Game was played at the Maple Leafs Garden'
Total Attendance: 12323 (68,46%)
Total Ticket Income: 917 212 $
Other Income: 137 582 $
Total Income: 1 054 794 $

Oilers

5 vs 5 Forward 
   Center                   Left Wing                Right Wing               Time % Phy DF OF 
 1 Pavel Datsyuk            Tomas Fleischmann        Patrick Kane             40     1   2  2  
 2 Jonathan Toews           Ilya Kovalchuk           Adam Burish              35     1   2  2  
 3 Olli Jokinen             Eric Nystrom             Patrick Kaleta           16     1   2  2  
 4 Peter Regin              Steve Begin              Lubos Bartecko           9      1   2  2  

5 vs 5 Defense 
   Defense                  Defense                                           Time % Phy DF OF 
 1 Ian White                Christian Ehrhoff                                 40     1   2  2  
 2 Scott Niedermayer        Rob Scuderi                                       30     1   2  2  
 3 Zach Bogosian            Steve Staios                                      24     1   2  2  
 4 Scott Niedermayer        Zach Bogosian                                     6      1   2  2  

PowerPlay Forward 
   Center                   Left Wing                Right Wing               Time % Phy DF OF 
 1 Pavel Datsyuk            Tomas Fleischmann        Patrick Kane             50     0   2  3  
 2 Jonathan Toews           Ilya Kovalchuk           Adam Burish              50     0   2  3  

PowerPlay Defense
   Defense                  Defense                                           Time % Phy DF OF 
 1 Ian White                Christian Ehrhoff                                 50     1   2  2  
 2 Zach Bogosian            Scott Niedermayer                                 50     1   2  2  

Penalty Kill 4 Players Forward 
   Center                   Wing                     Time % Phy DF OF 
 1 Pavel Datsyuk            Adam Burish              50     1   3  1  
 2 Peter Regin              Steve Begin              50     1   3  1  

Penalty Kill 4 Players Defense
   Defense                  Defense                  Time % Phy DF OF 
 1 Ian White                Christian Ehrhoff        50     1   3  1  
 2 Scott Niedermayer        Rob Scuderi              50     1   3  1  

Penalty Kill - 3 Players Forward 
   Forward                                           Time % Phy DF OF 
 1 Pavel Datsyuk                                     50     1   4  0  
 2 Jonathan Toews                                    50     1   4  0  

Penalty Kill - 3 Players Defense
   Defense                  Defense                  Time % Phy DF OF 
 1 Ian White                Christian Ehrhoff        50     1   4  0  
 2 Scott Niedermayer        Rob Scuderi              50     1   4  0  

4 vs 4 Forward 
   Center                   Wing                     Time % Phy DF OF 
 1 Pavel Datsyuk            Patrick Kane             50     1   2  2  
 2 Jonathan Toews           Ilya Kovalchuk           50     1   2  2  

4 vs 4 Defense
   Defense                  Defense                  Time % Phy DF OF 
 1 Ian White                Christian Ehrhoff        50     1   2  2  
 2 Scott Niedermayer        Rob Scuderi              50     1   2  2  

Last Minutes Offensive
   Center                   Left Wing                Right Wing               Defense                  Defense                  
   Pavel Datsyuk            Ilya Kovalchuk           Patrick Kane             Ian White                Scott Niedermayer        

Last Minutes Defensive
   Center                   Left Wing                Right Wing               Defense                  Defense                  
   Pavel Datsyuk            Ilya Kovalchuk           Patrick Kane             Ian White                Rob Scuderi              

Goaltenders
Starting : Cam Ward                 
Backup : Sebastien Caron          

Extra Forwards
Normal : Ilya Kovalchuk, Pavel Datsyuk, Patrick Kane - PP : Patrick Kaleta, Peter Regin - PK : Ilya Kovalchuk
Extra Defensemen
Normal : Scott Niedermayer, Christian Ehrhoff, Ian White - PP : Steve Staios - PK : Steve Staios, Zach Bogosian
Penalty Shots
Ilya Kovalchuk, Patrick Kane, Pavel Datsyuk, Jonathan Toews, Olli Jokinen

Maple Leafs

5 vs 5 Forward 
   Center                   Left Wing                Right Wing               Time % Phy DF OF 
 1 Evgeni Malkin            Alexander Frolov         Claude Giroux            40     0   1  4  
 2 Brendan Morrison         Fabian Brunnstrom        Byron Bitz               30     1   2  2  
 3 Jordan Staal             Matt Pettinger           Colby Armstrong          20     1   2  2  
 4 Rob Schremp              Justin Abdelkader        Blake Comeau             10     1   2  2  

5 vs 5 Defense 
   Defense                  Defense                                           Time % Phy DF OF 
 1 Dion Phaneuf             Braydon Coburn                                    40     1   2  2  
 2 Tobias Enstrom           Lubomir Visnovsky                                 30     1   2  2  
 3 Taylor Chorney           Noah Welch                                        20     1   2  2  
 4 Dion Phaneuf             Braydon Coburn                                    10     1   2  2  

PowerPlay Forward 
   Center                   Left Wing                Right Wing               Time % Phy DF OF 
 1 Evgeni Malkin            Alexander Frolov         Claude Giroux            60     1   2  2  
 2 Brendan Morrison         Fabian Brunnstrom        Byron Bitz               40     1   2  2  

PowerPlay Defense
   Defense                  Defense                                           Time % Phy DF OF 
 1 Dion Phaneuf             Tobias Enstrom                                    60     1   2  2  
 2 Braydon Coburn           Lubomir Visnovsky                                 40     1   2  2  

Penalty Kill 4 Players Forward 
   Center                   Wing                     Time % Phy DF OF 
 1 Claude Giroux            Evgeni Malkin            60     1   2  2  
 2 Alexander Frolov         Byron Bitz               40     1   2  2  

Penalty Kill 4 Players Defense
   Defense                  Defense                  Time % Phy DF OF 
 1 Dion Phaneuf             Braydon Coburn           60     1   2  2  
 2 Tobias Enstrom           Lubomir Visnovsky        40     1   2  2  

Penalty Kill - 3 Players Forward 
   Forward                                           Time % Phy DF OF 
 1 Evgeni Malkin                                     60     1   2  2  
 2 Brendan Morrison                                  40     1   2  2  

Penalty Kill - 3 Players Defense
   Defense                  Defense                  Time % Phy DF OF 
 1 Dion Phaneuf             Braydon Coburn           60     1   2  2  
 2 Tobias Enstrom           Lubomir Visnovsky        40     1   2  2  

4 vs 4 Forward 
   Center                   Wing                     Time % Phy DF OF 
 1 Claude Giroux            Evgeni Malkin            60     1   2  2  
 2 Brendan Morrison         Byron Bitz               40     1   2  2  

4 vs 4 Defense
   Defense                  Defense                  Time % Phy DF OF 
 1 Dion Phaneuf             Tobias Enstrom           60     1   2  2  
 2 Braydon Coburn           Lubomir Visnovsky        40     1   2  2  

Last Minutes Offensive
   Center                   Left Wing                Right Wing               Defense                  Defense                  
   Evgeni Malkin            Alexander Frolov         Claude Giroux            Dion Phaneuf             Tobias Enstrom           

Last Minutes Defensive
   Center                   Left Wing                Right Wing               Defense                  Defense                  
   Evgeni Malkin            Alexander Frolov         Claude Giroux            Dion Phaneuf             Braydon Coburn           

Goaltenders
Starting : Marc-André Fleury        
Backup : Mike Smith               

Extra Forwards
Normal : Colby Armstrong, Matt Pettinger, Blake Comeau - PP : Colby Armstrong, Matt Pettinger - PK : Blake Comeau
Extra Defensemen
Normal : Taylor Chorney, Tobias Enstrom, Noah Welch - PP : Taylor Chorney - PK : Noah Welch, Braydon Coburn
Penalty Shots
Claude Giroux, Evgeni Malkin, Alexander Frolov, Byron Bitz, Fabian Brunnstrom

% Time on Ice - Oilers

Lines # - Real PCT - Wanted PCT - Time Play
Normal Forward
1 - 25% - 40% - 11:33
2 - 31% - 35% - 14:37
3 - 26% - 16% - 11:53
4 - 18% - 9% - 8:32
Normal Defense
1 - 42% - 40% - 19:34
2 - 32% - 30% - 14:45
3 - 25% - 24% - 11:35
4 - 1% - 6% - 0:41
PP Forward
1 - 47% - 50% - 2:07
2 - 53% - 50% - 2:21
PP Defense
1 - 48% - 50% - 2:08
2 - 52% - 50% - 2:20
PK Forward
1 - 57% - 50% - 5:07
2 - 43% - 50% - 3:50
PK Defense
1 - 54% - 50% - 4:49
2 - 46% - 50% - 4:08
PK3 Forward
1 - 0% - 50%
2 - 0% - 50%
PK3 Defense
1 - 0% - 50%
2 - 0% - 50%
44 Forward
1 - 52% - 50% - 2:35
2 - 48% - 50% - 2:25
44 Defense
1 - 64% - 50% - 3:13
2 - 36% - 50% - 1:47
Last Minute Offensive  - 0:00
Last Minute Defensive  - 0:00
Total
Forward - 65:00
Defense - 65:00

% Time on Ice - Maple Leafs

Lines # - Real PCT - Wanted PCT - Time Play
Normal Forward
1 - 34% - 40% - 15:51
2 - 26% - 30% - 12:06
3 - 24% - 20% - 11:07
4 - 16% - 10% - 7:31
Normal Defense
1 - 39% - 40% - 18:03
2 - 35% - 30% - 16:10
3 - 23% - 20% - 10:53
4 - 3% - 10% - 1:29
PP Forward
1 - 54% - 60% - 4:48
2 - 46% - 40% - 4:09
PP Defense
1 - 60% - 60% - 5:24
2 - 40% - 40% - 3:33
PK Forward
1 - 85% - 60% - 3:49
2 - 15% - 40% - 0:39
PK Defense
1 - 78% - 60% - 3:28
2 - 22% - 40% - 1:00
PK3 Forward
1 - 0% - 60%
2 - 0% - 40%
PK3 Defense
1 - 0% - 60%
2 - 0% - 40%
44 Forward
1 - 77% - 60% - 3:52
2 - 23% - 40% - 1:08
44 Defense
1 - 62% - 60% - 3:07
2 - 38% - 40% - 1:53
Last Minute Offensive  - 0:00
Last Minute Defensive  - 0:00
Total
Forward - 65:00
Defense - 65:00

Play by Play

1st period


0:01 of 1st period - Evgeni Malkin wins face-off versus Patrick Kane in neutral zone.
0:04 of 1st period - Slapshot by Dion Phaneuf.
0:04 of 1st period - Shot Misses the Net.
0:16 of 1st period - Snap shot by Patrick Kane.
0:16 of 1st period - Stopped by Marc-André Fleury without a rebound.
0:17 of 1st period - Brendan Morrison wins face-off versus Jonathan Toews in Maple Leafs zone.
0:44 of 1st period - Lubomir Visnovsky is hit by Patrick Kaleta and loses puck.
1:09 of 1st period - Claude Giroux is hit by Tomas Fleischmann and loses puck.
1:16 of 1st period - Snap shot by Patrick Kane.
1:16 of 1st period - Deflect By Tomas Fleischmann.
1:16 of 1st period - Shot Misses the Net.
1:16 of 1st period - Puck is out of play.
1:17 of 1st period - Peter Regin wins face-off versus Rob Schremp in Maple Leafs zone.
1:44 of 1st period - Wrist shot by Jonathan Toews.
1:44 of 1st period - Stopped by Marc-André Fleury without a rebound.
1:45 of 1st period - Brendan Morrison wins face-off versus Jonathan Toews in Maple Leafs zone.
2:10 of 1st period - Backhand shot by Fabian Brunnstrom.
2:10 of 1st period - Shot Misses the Net.
2:12 of 1st period - Slapshot by Braydon Coburn.
2:12 of 1st period - Stopped by Cam Ward with a rebound.
2:25 of 1st period - Major / Game Misconduct Penalty to Adam Burish for Unsportsmanlike conduct.
2:25 of 1st period - Adam Burish is ejected from game.
2:26 of 1st period - Evgeni Malkin wins face-off versus Pavel Datsyuk in Oilers zone.
4:24 of 1st period - Lubomir Visnovsky is hit by Steve Begin and loses puck.
5:34 of 1st period - Icing by Evgeni Malkin.
5:35 of 1st period - Ilya Kovalchuk wins face-off versus Alexander Frolov in Maple Leafs zone.
5:38 of 1st period - Slapshot by Tomas Fleischmann.
5:38 of 1st period - Shot Misses the Net.
6:22 of 1st period - Scott Niedermayer is hit by Colby Armstrong and loses puck.
7:25 of 1st period - Penalty to Adam Burish is over, Ilya Kovalchuk is send on ice.
8:13 of 1st period - Blake Comeau is hit by Ilya Kovalchuk and loses puck.
9:41 of 1st period - Ian White is hit by Colby Armstrong.
9:45 of 1st period - Ian White is hit by Matt Pettinger and loses puck.
10:04 of 1st period - Tomas Fleischmann is hit by Blake Comeau and loses puck.
10:44 of 1st period - Patrick Kaleta is hit by Tobias Enstrom and loses puck.
11:06 of 1st period - Wrist shot by Brendan Morrison.
11:06 of 1st period - Stopped by Cam Ward with a rebound.
11:08 of 1st period - Backhand shot by Fabian Brunnstrom.
11:08 of 1st period - Stopped by Cam Ward with a rebound.
11:10 of 1st period - Wrist shot by Brendan Morrison.
11:10 of 1st period - Goal by Brendan Morrison - Oilers : 0 - Maple Leafs : 1.
11:11 of 1st period - Pavel Datsyuk wins face-off versus Evgeni Malkin in neutral zone.
12:51 of 1st period - Claude Giroux is hit by Eric Nystrom.
13:38 of 1st period - Slapshot by Peter Regin.
13:38 of 1st period - Shot Blocked by Tobias Enstrom.
14:33 of 1st period - Snap shot by Steve Begin.
14:33 of 1st period - Stopped by Marc-André Fleury without a rebound.
14:34 of 1st period - Peter Regin wins face-off versus Jordan Staal in Maple Leafs zone.
14:37 of 1st period - Snap shot by Lubos Bartecko.
14:37 of 1st period - Stopped by Marc-André Fleury without a rebound.
14:38 of 1st period - Pavel Datsyuk wins face-off versus Evgeni Malkin in Maple Leafs zone.
14:49 of 1st period - Snap shot by Patrick Kane.
14:49 of 1st period - Shot Misses the Net.
14:51 of 1st period - Slapshot by Tomas Fleischmann.
14:51 of 1st period - Stopped by Marc-André Fleury with a rebound.
14:53 of 1st period - Slapshot by Patrick Kane.
14:53 of 1st period - Shot Misses the Net.
15:07 of 1st period - Snap shot by Patrick Kane.
15:07 of 1st period - Shot Misses the Net.
15:29 of 1st period - Snap shot by Jordan Staal.
15:29 of 1st period - Shot Blocked by Rob Scuderi.
16:15 of 1st period - Slapshot by Eric Nystrom.
16:15 of 1st period - Stopped by Marc-André Fleury with a rebound.
16:17 of 1st period - Slapshot by Ian White.
16:17 of 1st period - Stopped by Marc-André Fleury without a rebound.
16:18 of 1st period - Brendan Morrison wins face-off versus Patrick Kane in Maple Leafs zone.
16:45 of 1st period - Dion Phaneuf is hit by Jonathan Toews and loses puck.
17:39 of 1st period - Icing by Pavel Datsyuk.
17:40 of 1st period - Jonathan Toews wins face-off versus Brendan Morrison in Oilers zone.
18:50 of 1st period - Snap shot by Jordan Staal.
18:50 of 1st period - Shot Misses the Net.
18:52 of 1st period - Snap shot by Matt Pettinger.
18:52 of 1st period - Shot Misses the Net.
19:06 of 1st period - Snap shot by Matt Pettinger.
19:06 of 1st period - Shot Blocked by Scott Niedermayer.
19:08 of 1st period - Slapshot by Jordan Staal.
19:08 of 1st period - Shot Misses the Net.
19:18 of 1st period - Snap shot by Matt Pettinger.
19:18 of 1st period - Shot Blocked by Scott Niedermayer.
19:38 of 1st period - Slapshot by Colby Armstrong.
19:38 of 1st period - Shot Misses the Net.
19:40 of 1st period - Slapshot by Braydon Coburn.
19:40 of 1st period - Stopped by Cam Ward without a rebound.
19:41 of 1st period - Evgeni Malkin wins face-off versus Patrick Kaleta in Oilers zone.
19:52 of 1st period - Slapshot by Ian White.
19:52 of 1st period - Stopped by Marc-André Fleury without a rebound.
19:53 of 1st period - Olli Jokinen wins face-off versus Evgeni Malkin in Maple Leafs zone.
Goals for this period are 0 for Oilers vs 1 for Maple Leafs.
Shots for this period are 8 for Oilers vs 5 for Maple Leafs.

2nd period


0:01 of 2nd period - Evgeni Malkin wins face-off versus Pavel Datsyuk in neutral zone.
0:14 of 2nd period - Wrist shot by Alexander Frolov.
0:14 of 2nd period - Goal by Alexander Frolov - Oilers : 0 - Maple Leafs : 2.
0:15 of 2nd period - Pavel Datsyuk wins face-off versus Evgeni Malkin in neutral zone.
0:42 of 2nd period - Tomas Fleischmann is hit by Colby Armstrong and loses puck.
1:15 of 2nd period - Snap shot by Ilya Kovalchuk.
1:15 of 2nd period - Stopped by Marc-André Fleury with a rebound.
1:27 of 2nd period - Wrist shot by Olli Jokinen.
1:27 of 2nd period - Deflect By Evgeni Malkin.
1:27 of 2nd period - Shot Misses the Net.
1:27 of 2nd period - Puck is out of play.
1:28 of 2nd period - Eric Nystrom wins face-off versus Claude Giroux in Maple Leafs zone.
1:50 of 2nd period - Minor Penalty to Evgeni Malkin for Holding.
1:51 of 2nd period - Claude Giroux wins face-off versus Pavel Datsyuk in Maple Leafs zone.
2:02 of 2nd period - Snap shot by Patrick Kane.
2:02 of 2nd period - Stopped by Marc-André Fleury without a rebound.
2:03 of 2nd period - Claude Giroux wins face-off versus Jonathan Toews in Maple Leafs zone.
2:19 of 2nd period - Icing by Jonathan Toews.
2:20 of 2nd period - Claude Giroux wins face-off versus Jonathan Toews in Oilers zone.
2:40 of 2nd period - Icing by Patrick Kaleta.
2:41 of 2nd period - Claude Giroux wins face-off versus Pavel Datsyuk in Oilers zone.
3:50 of 2nd period - Penalty to Evgeni Malkin is over, Evgeni Malkin is back on ice.
4:07 of 2nd period - Snap shot by Jordan Staal.
4:07 of 2nd period - Stopped by Cam Ward with a rebound.
4:09 of 2nd period - Wrist shot by Colby Armstrong.
4:09 of 2nd period - Stopped by Cam Ward with a rebound.
4:46 of 2nd period - Fabian Brunnstrom is hit by Scott Niedermayer and loses puck.
4:51 of 2nd period - Snap shot by Patrick Kane.
4:51 of 2nd period - Stopped by Marc-André Fleury without a rebound.
4:52 of 2nd period - Evgeni Malkin wins face-off versus Pavel Datsyuk in Maple Leafs zone.
4:52 of 2nd period - Evgeni Malkin is hit by Pavel Datsyuk.
5:40 of 2nd period - Eric Nystrom is hit by Dion Phaneuf and loses puck.
6:01 of 2nd period - Wrist shot by Claude Giroux.
6:01 of 2nd period - Shot Misses the Net.
6:22 of 2nd period - Off-side.
6:23 of 2nd period - Rob Schremp wins face-off versus Jonathan Toews in neutral zone.
6:32 of 2nd period - Slapshot by Justin Abdelkader.
6:32 of 2nd period - Shot Blocked by Jonathan Toews.
6:34 of 2nd period - Slapshot by Dion Phaneuf.
6:34 of 2nd period - Shot Blocked by Ian White.
6:38 of 2nd period - Snap shot by Justin Abdelkader.
6:38 of 2nd period - Shot Misses the Net.
7:13 of 2nd period - Snap shot by Byron Bitz.
7:13 of 2nd period - Shot Misses the Net.
7:27 of 2nd period - Christian Ehrhoff is hit by Colby Armstrong and loses puck.
7:56 of 2nd period - Taylor Chorney is hit by Zach Bogosian and loses puck.
8:12 of 2nd period - Slapshot by Justin Abdelkader.
8:12 of 2nd period - Stopped by Cam Ward with a rebound.
8:14 of 2nd period - Snap shot by Rob Schremp.
8:14 of 2nd period - Stopped by Cam Ward with a rebound.
8:28 of 2nd period - Brendan Morrison is hit by Rob Scuderi and loses puck.
8:35 of 2nd period - Wrist shot by Byron Bitz.
8:35 of 2nd period - Shot Blocked by Scott Niedermayer.
8:37 of 2nd period - Snap shot by Fabian Brunnstrom.
8:37 of 2nd period - Shot Misses the Net.
8:43 of 2nd period - Minor Penalty to Lubos Bartecko for Tripping.
8:44 of 2nd period - Evgeni Malkin wins face-off versus Peter Regin in Oilers zone.
8:47 of 2nd period - Wrist shot by Claude Giroux.
8:47 of 2nd period - Stopped by Cam Ward without a rebound.
8:48 of 2nd period - Peter Regin wins face-off versus Evgeni Malkin in Oilers zone.
8:48 of 2nd period - Peter Regin is hit by Claude Giroux.
10:43 of 2nd period - Penalty to Lubos Bartecko is over, Lubos Bartecko is back on ice.
11:10 of 2nd period - Olli Jokinen is hit by Dion Phaneuf and loses puck.
11:17 of 2nd period - Wrist shot by Rob Schremp.
11:17 of 2nd period - Stopped by Cam Ward without a rebound.
11:18 of 2nd period - Jordan Staal wins face-off versus Pavel Datsyuk in Oilers zone.
11:48 of 2nd period - Minor Penalty to Brendan Morrison for Goalie Interference.
11:49 of 2nd period - Tomas Fleischmann wins face-off versus Claude Giroux in Maple Leafs zone.
12:22 of 2nd period - Wrist shot by Ilya Kovalchuk.
12:22 of 2nd period - Stopped by Marc-André Fleury without a rebound.
12:23 of 2nd period - Alexander Frolov wins face-off versus Pavel Datsyuk in Maple Leafs zone.
12:23 of 2nd period - Alexander Frolov is hit by Tomas Fleischmann.
12:35 of 2nd period - Snap shot by Evgeni Malkin.
12:35 of 2nd period - Deflect By Claude Giroux.
12:35 of 2nd period - Stopped by Cam Ward with a rebound.
13:29 of 2nd period - Tomas Fleischmann is hit by Claude Giroux and loses puck.
13:48 of 2nd period - Penalty to Brendan Morrison is over, Brendan Morrison is back on ice.
13:56 of 2nd period - Snap shot by Colby Armstrong.
13:56 of 2nd period - Shot Blocked by Ian White.
14:58 of 2nd period - Wrist shot by Claude Giroux.
14:58 of 2nd period - Stopped by Cam Ward with a rebound.
15:45 of 2nd period - Zach Bogosian is hit by Rob Schremp and loses puck.
15:52 of 2nd period - Wrist shot by Rob Schremp.
15:52 of 2nd period - Shot Blocked by Steve Staios.
16:52 of 2nd period - Slapshot by Justin Abdelkader.
16:52 of 2nd period - Shot Misses the Net.
16:54 of 2nd period - Slapshot by Dion Phaneuf.
16:54 of 2nd period - Stopped by Cam Ward with a rebound.
16:56 of 2nd period - Snap shot by Justin Abdelkader.
16:56 of 2nd period - Stopped by Cam Ward with a rebound.
17:06 of 2nd period - Jonathan Toews is hit by Dion Phaneuf and loses puck.
17:13 of 2nd period - Ian White is hit by Evgeni Malkin and loses puck.
17:40 of 2nd period - Tomas Fleischmann is hit by Brendan Morrison and loses puck.
17:47 of 2nd period - Snap shot by Tobias Enstrom.
17:47 of 2nd period - Deflect By Brendan Morrison.
17:47 of 2nd period - Stopped by Cam Ward without a rebound.
17:48 of 2nd period - Evgeni Malkin wins face-off versus Jonathan Toews in Oilers zone.
17:51 of 2nd period - Snap shot by Evgeni Malkin.
17:51 of 2nd period - Shot Misses the Net.
17:53 of 2nd period - Slapshot by Lubomir Visnovsky.
17:53 of 2nd period - Shot Blocked by Steve Staios.
17:55 of 2nd period - Slapshot by Taylor Chorney.
17:55 of 2nd period - Shot Blocked by Zach Bogosian.
18:19 of 2nd period - Snap shot by Patrick Kaleta.
18:19 of 2nd period - Shot Blocked by Brendan Morrison.
18:21 of 2nd period - Slapshot by Steve Staios.
18:21 of 2nd period - Shot Blocked by Braydon Coburn.
18:23 of 2nd period - Slapshot by Steve Staios.
18:23 of 2nd period - Deflect By Eric Nystrom.
18:23 of 2nd period - Shot Misses the Net.
18:23 of 2nd period - Puck is out of play.
18:24 of 2nd period - Evgeni Malkin wins face-off versus Eric Nystrom in Maple Leafs zone.
18:24 of 2nd period - Evgeni Malkin is hit by Ian White.
18:30 of 2nd period - Slapshot by Patrick Kaleta.
18:30 of 2nd period - Shot Blocked by Lubomir Visnovsky.
18:36 of 2nd period - Ian White is hit by Alexander Frolov and loses puck.
18:49 of 2nd period - Brendan Morrison is hit by Ilya Kovalchuk and loses puck.
18:53 of 2nd period - Icing by Lubomir Visnovsky.
18:54 of 2nd period - Brendan Morrison wins face-off versus Jonathan Toews in Maple Leafs zone.
19:09 of 2nd period - Wrist shot by Ilya Kovalchuk.
19:09 of 2nd period - Stopped by Marc-André Fleury with a rebound.
19:38 of 2nd period - Alexander Frolov is hit by Pavel Datsyuk and loses puck.
Goals for this period are 0 for Oilers vs 1 for Maple Leafs.
Shots for this period are 5 for Oilers vs 12 for Maple Leafs.

3rd period


0:01 of 3rd period - Pavel Datsyuk wins face-off versus Claude Giroux in neutral zone.
0:04 of 3rd period - Claude Giroux is hit by Patrick Kane.
0:25 of 3rd period - Ilya Kovalchuk is hit by Dion Phaneuf and loses puck.
1:07 of 3rd period - Icing by Tobias Enstrom.
1:08 of 3rd period - Rob Schremp wins face-off versus Jonathan Toews in Maple Leafs zone.
1:42 of 3rd period - Wrist shot by Rob Schremp.
1:42 of 3rd period - Stopped by Cam Ward without a rebound.
1:43 of 3rd period - Olli Jokinen wins face-off versus Evgeni Malkin in Oilers zone.
1:49 of 3rd period - Off-side.
1:50 of 3rd period - Evgeni Malkin wins face-off versus Olli Jokinen in neutral zone.
2:38 of 3rd period - Wrist shot by Patrick Kaleta.
2:38 of 3rd period - Stopped by Marc-André Fleury without a rebound.
2:39 of 3rd period - Brendan Morrison wins face-off versus Pavel Datsyuk in Maple Leafs zone.
2:48 of 3rd period - Slapshot by Brendan Morrison.
2:48 of 3rd period - Shot Misses the Net.
2:50 of 3rd period - Slapshot by Brendan Morrison.
2:50 of 3rd period - Shot Blocked by Christian Ehrhoff.
3:29 of 3rd period - Scott Niedermayer is hit by Blake Comeau and loses puck.
4:03 of 3rd period - Ian White is hit by Evgeni Malkin.
5:12 of 3rd period - Ilya Kovalchuk is hit by Dion Phaneuf and loses puck.
5:17 of 3rd period - Snap shot by Claude Giroux.
5:17 of 3rd period - Goal by Claude Giroux - Oilers : 0 - Maple Leafs : 3.
5:18 of 3rd period - Evgeni Malkin wins face-off versus Jonathan Toews in neutral zone.
5:23 of 3rd period - Snap shot by Claude Giroux.
5:23 of 3rd period - Shot Blocked by Ilya Kovalchuk.
5:33 of 3rd period - Snap shot by Claude Giroux.
5:33 of 3rd period - Shot Blocked by Jonathan Toews.
5:35 of 3rd period - Wrist shot by Alexander Frolov.
5:35 of 3rd period - Stopped by Cam Ward with a rebound.
5:49 of 3rd period - Off-side.
5:50 of 3rd period - Olli Jokinen wins face-off versus Brendan Morrison in neutral zone.
5:50 of 3rd period - Olli Jokinen is hit by Byron Bitz.
5:54 of 3rd period - Slapshot by Ian White.
5:54 of 3rd period - Stopped by Marc-André Fleury with a rebound.
6:16 of 3rd period - Lubomir Visnovsky is hit by Pavel Datsyuk.
6:20 of 3rd period - Wrist shot by Patrick Kane.
6:20 of 3rd period - Stopped by Marc-André Fleury with a rebound.
6:22 of 3rd period - Wrist shot by Tomas Fleischmann.
6:22 of 3rd period - Shot Misses the Net.
6:26 of 3rd period - Snap shot by Patrick Kane.
6:26 of 3rd period - Shot Blocked by Tobias Enstrom.
6:28 of 3rd period - Slapshot by Zach Bogosian.
6:28 of 3rd period - Shot Misses the Net.
6:40 of 3rd period - Evgeni Malkin is hit by Steve Staios and loses puck.
7:25 of 3rd period - Wrist shot by Olli Jokinen.
7:25 of 3rd period - Goal by Olli Jokinen - Oilers : 1 - Maple Leafs : 3.
7:26 of 3rd period - Pavel Datsyuk wins face-off versus Evgeni Malkin in neutral zone.
8:02 of 3rd period - Penalty Shot by Scott Niedermayer for Oilers.
8:02 of 3rd period - Deke by Scott Niedermayer.
8:02 of 3rd period - Shot Misses the Net.
8:03 of 3rd period - Evgeni Malkin wins face-off versus Jonathan Toews in Oilers zone.
8:07 of 3rd period - Slapshot by Claude Giroux.
8:07 of 3rd period - Stopped by Cam Ward with a rebound.
8:25 of 3rd period - Minor Penalty to Alexander Frolov for Roughing.
8:26 of 3rd period - Pavel Datsyuk wins face-off versus Claude Giroux in Maple Leafs zone.
8:55 of 3rd period - Slapshot by Zach Bogosian.
8:55 of 3rd period - Deflect By Patrick Kaleta.
8:55 of 3rd period - Goal by Patrick Kaleta - Oilers : 2 - Maple Leafs : 3.
8:56 of 3rd period - Evgeni Malkin wins face-off versus Pavel Datsyuk in neutral zone.
9:26 of 3rd period - Slapshot by Dion Phaneuf.
9:26 of 3rd period - Stopped by Cam Ward without a rebound.
9:27 of 3rd period - Brendan Morrison wins face-off versus Jonathan Toews in Oilers zone.
9:48 of 3rd period - Olli Jokinen is hit by Jordan Staal and loses puck.
9:57 of 3rd period - Backhand shot by Matt Pettinger.
9:57 of 3rd period - Shot Misses the Net.
9:59 of 3rd period - Slapshot by Dion Phaneuf.
9:59 of 3rd period - Shot Blocked by Steve Staios.
11:24 of 3rd period - Christian Ehrhoff is hit by Lubomir Visnovsky and loses puck.
11:49 of 3rd period - Snap shot by Ilya Kovalchuk.
11:49 of 3rd period - Stopped by Marc-André Fleury without a rebound.
11:50 of 3rd period - Jonathan Toews wins face-off versus Rob Schremp in Maple Leafs zone.
11:51 of 3rd period - Wrist shot by Patrick Kane.
11:51 of 3rd period - Goal by Patrick Kane - Oilers : 3 - Maple Leafs : 3.
11:52 of 3rd period - Evgeni Malkin wins face-off versus Pavel Datsyuk in neutral zone.
12:41 of 3rd period - Slapshot by Scott Niedermayer.
12:41 of 3rd period - Shot Blocked by Tobias Enstrom.
13:44 of 3rd period - Slapshot by Byron Bitz.
13:44 of 3rd period - Stopped by Cam Ward without a rebound.
13:45 of 3rd period - Brendan Morrison wins face-off versus Pavel Datsyuk in Oilers zone.
14:25 of 3rd period - Lubos Bartecko is hit by Matt Pettinger and loses puck.
14:31 of 3rd period - Icing by Steve Staios.
14:32 of 3rd period - Evgeni Malkin wins face-off versus Steve Begin in Oilers zone.
14:51 of 3rd period - Wrist shot by Peter Regin.
14:51 of 3rd period - Stopped by Marc-André Fleury with a rebound.
14:53 of 3rd period - Slapshot by Zach Bogosian.
14:53 of 3rd period - Shot Misses the Net.
14:55 of 3rd period - Snap shot by Steve Begin.
14:55 of 3rd period - Shot Blocked by Braydon Coburn.
14:57 of 3rd period - Snap shot by Peter Regin.
14:57 of 3rd period - Deflect By Evgeni Malkin.
14:57 of 3rd period - Stopped by Marc-André Fleury with a rebound.
14:59 of 3rd period - Slapshot by Steve Begin.
14:59 of 3rd period - Stopped by Marc-André Fleury without a rebound.
15:00 of 3rd period - Pavel Datsyuk wins face-off versus Brendan Morrison in Maple Leafs zone.
15:25 of 3rd period - Jonathan Toews is hit by Jordan Staal and loses puck.
16:11 of 3rd period - Wrist shot by Olli Jokinen.
16:11 of 3rd period - Stopped by Marc-André Fleury without a rebound.
16:12 of 3rd period - Pavel Datsyuk wins face-off versus Jordan Staal in Maple Leafs zone.
16:19 of 3rd period - Wrist shot by Pavel Datsyuk.
16:19 of 3rd period - Stopped by Marc-André Fleury without a rebound.
16:20 of 3rd period - Pavel Datsyuk wins face-off versus Jordan Staal in Maple Leafs zone.
16:25 of 3rd period - Snap shot by Patrick Kane.
16:25 of 3rd period - Stopped by Marc-André Fleury without a rebound.
16:26 of 3rd period - Alexander Frolov wins face-off versus Pavel Datsyuk in Maple Leafs zone.
16:43 of 3rd period - Snap shot by Evgeni Malkin.
16:43 of 3rd period - Shot Misses the Net.
16:49 of 3rd period - Minor Penalty to Patrick Kane for Tripping.
16:50 of 3rd period - Evgeni Malkin wins face-off versus Peter Regin in Oilers zone.
17:17 of 3rd period - Rob Scuderi is hit by Byron Bitz and loses puck.
18:02 of 3rd period - Dion Phaneuf is hit by Steve Begin and loses puck.
18:49 of 3rd period - Penalty to Patrick Kane is over, Patrick Kane is back on ice.
19:25 of 3rd period - Slapshot by Colby Armstrong.
19:25 of 3rd period - Deflect By Matt Pettinger.
19:25 of 3rd period - Shot Misses the Net.
19:25 of 3rd period - Puck is out of play.
19:26 of 3rd period - Matt Pettinger wins face-off versus Jonathan Toews in Oilers zone.
19:35 of 3rd period - Wrist shot by Colby Armstrong.
19:35 of 3rd period - Shot Blocked by Christian Ehrhoff.
Goals for this period are 3 for Oilers vs 1 for Maple Leafs.
Shots for this period are 13 for Oilers vs 6 for Maple Leafs.

Overtime #1


0:01 of 1st overtime period - Claude Giroux wins face-off versus Pavel Datsyuk in neutral zone.
0:04 of 1st overtime period - Slapshot by Tobias Enstrom.
0:04 of 1st overtime period - Stopped by Cam Ward with a rebound.
0:51 of 1st overtime period - Wrist shot by Brendan Morrison.
0:51 of 1st overtime period - Shot Misses the Net.
1:13 of 1st overtime period - Snap shot by Matt Pettinger.
1:13 of 1st overtime period - Shot Misses the Net.
2:11 of 1st overtime period - Byron Bitz is hit by Christian Ehrhoff.
3:54 of 1st overtime period - Snap shot by Colby Armstrong.
3:54 of 1st overtime period - Shot Misses the Net.
3:56 of 1st overtime period - Slapshot by Noah Welch.
3:56 of 1st overtime period - Shot Misses the Net.
3:58 of 1st overtime period - Slapshot by Taylor Chorney.
3:58 of 1st overtime period - Deflect By Colby Armstrong.
3:58 of 1st overtime period - Shot Misses the Net.
3:58 of 1st overtime period - Puck is out of play.
3:59 of 1st overtime period - Claude Giroux wins face-off versus Pavel Datsyuk in Oilers zone.
Goals for this period are 0 for Oilers vs 0 for Maple Leafs.
Shots for this period are 0 for Oilers vs 1 for Maple Leafs.

ShootOut


5:00 of 1st overtime period - Penalty Shot by Ilya Kovalchuk for Oilers.
5:00 of 1st overtime period - Snap shot by Ilya Kovalchuk.
5:00 of 1st overtime period - Stopped by Marc-André Fleury.
5:00 of 1st overtime period - Penalty Shot by Claude Giroux for Maple Leafs.
5:00 of 1st overtime period - Deke by Claude Giroux.
5:00 of 1st overtime period - Goal by Claude Giroux.
5:00 of 1st overtime period - Penalty Shot by Patrick Kane for Oilers.
5:00 of 1st overtime period - Wrist shot by Patrick Kane.
5:00 of 1st overtime period - Goal by Patrick Kane.
5:00 of 1st overtime period - Penalty Shot by Evgeni Malkin for Maple Leafs.
5:00 of 1st overtime period - Wrist shot by Evgeni Malkin.
5:00 of 1st overtime period - Shot Misses the Net.
5:00 of 1st overtime period - Penalty Shot by Pavel Datsyuk for Oilers.
5:00 of 1st overtime period - Snap shot by Pavel Datsyuk.
5:00 of 1st overtime period - Goal by Pavel Datsyuk.
5:00 of 1st overtime period - Penalty Shot by Alexander Frolov for Maple Leafs.
5:00 of 1st overtime period - Wrist shot by Alexander Frolov.
5:00 of 1st overtime period - Goal by Alexander Frolov.
5:00 of 1st overtime period - Penalty Shot by Jonathan Toews for Oilers.
5:00 of 1st overtime period - Deke by Jonathan Toews.
5:00 of 1st overtime period - Stopped by Marc-André Fleury.
5:00 of 1st overtime period - Penalty Shot by Byron Bitz for Maple Leafs.
5:00 of 1st overtime period - Wrist shot by Byron Bitz.
5:00 of 1st overtime period - Stopped by Cam Ward.
5:00 of 1st overtime period - Penalty Shot by Olli Jokinen for Oilers.
5:00 of 1st overtime period - Deke by Olli Jokinen.
5:00 of 1st overtime period - Shot Misses the Net.
5:00 of 1st overtime period - Penalty Shot by Fabian Brunnstrom for Maple Leafs.
5:00 of 1st overtime period - Deke by Fabian Brunnstrom.
5:00 of 1st overtime period - Stopped by Cam Ward.
5:00 of 1st overtime period - Penalty Shot by Peter Regin for Oilers.
5:00 of 1st overtime period - Backhand shot by Peter Regin.
5:00 of 1st overtime period - Stopped by Marc-André Fleury.
5:00 of 1st overtime period - Penalty Shot by Rob Schremp for Maple Leafs.
5:00 of 1st overtime period - Snap shot by Rob Schremp.
5:00 of 1st overtime period - Goal by Rob Schremp.


Output by the SimonT Hockey Simulator (STHS) for François Prévost -- Original Page W3C XHTML 1.0 Valid
Hockey Simulator - Hockey Simulation - Hockey Manager